 Dungeon Crawl Stone Soup version 0.20-a0-871-g785f14b (webtiles) character file.

1180 nikopol the Chopper (level 8, -3/71 HPs)
             Began as a Minotaur Berserker on Mar 14, 2017.
             Was an Elder of Trog.
             Killed from afar by an electric eel (9 damage)
             ... with a bolt of electricity
             ... on level 6 of the Dungeon.
             The game lasted 00:12:34 (5948 turns).

nikopol the Chopper (Minotaur Berserker)            Turns: 5948, Time: 00:12:35

Health: -3/71      AC: 14    Str: 24    XL:     8   Next: 19%
Magic:  7/7        EV: 12    Int:  4    God:    Trog [****..]
Gold:   16         SH:  0    Dex: 10    Spells: 7/7 levels left

rFire    . . .     SeeInvis .   a - +1 war axe (venom)
rCold    . . .     Gourm    .   z - +0 scale mail
rNeg     . . .     Faith    .   (no shield)
rPois    .         Spirit   .   x - +2 hat
rElec    .         Reflect  .   t - +0 cloak
rCorr    .         Harm     .   (no gloves)
MR       .....                  q - +0 pair of boots
Stlth    ..........             (no amulet)
Regen    0.3/turn               s - +2 ring of protection
MPRegen  0.1/turn               (no ring)

@: no status effects
A: retaliatory headbutt, horns 2
a: Berserk, Trog's Hand, Brothers in Arms, Burn Spellbooks, Renounce Religion


You were on level 6 of the Dungeon.
You worshipped Trog.
Trog was greatly pleased with you.
You were not hungry.

You visited 1 branch of the dungeon, and saw 6 of its levels.

You collected 246 gold pieces.
You spent 230 gold pieces at shops.

Inventory:

Hand Weapons
 a - a +1 war axe of venom (weapon)
 A - a +0 hand axe
Armour
 b - a +0 animal skin
 m - a +0 leather armour
 q - a +0 pair of boots (worn)
 t - a +0 cloak (worn)
 x - a +2 hat (worn)
 z - a +0 scale mail (worn)
Jewellery
 s - a +2 ring of protection (right hand)
Wands
 k - a wand of iceblast (8/15)
 o - a wand of random effects (30/48)
 w - a wand of lightning (3/15)
Scrolls
 d - 6 scrolls of remove curse {unknown}
 f - 2 scrolls of amnesia {unknown}
 h - 5 scrolls of identify {unknown}
 j - a scroll of random uselessness {unknown}
 n - 2 scrolls of teleportation {unknown}
 r - a scroll of recharging {unknown}
 y - 2 scrolls of magic mapping {unknown}
Potions
 e - 4 potions of haste {unknown}
 i - 4 potions of heal wounds
 l - a potion of degeneration {unknown}
 p - a potion of flight {unknown}
 u - a potion of curing
 B - a potion of might {unknown}
Comestibles
 c - 4 bread rations
 g - 5 fruits
 v - 2 meat rations


   Skills:
 + Level 6.8 Fighting
 * Level 6.8 Axes
 + Level 6.4 Armour
 + Level 5.7 Dodging


You had 7 spell levels left.
You didn't know any spells.

Dungeon Overview and Level Annotations

Branches:
Dungeon (6/15)             Temple (0/1) D:4

Altars:
Ashenzari
Gozag
Kikubaaqudgha
Wu Jian
Zin

Shops:
D:5 *!?


Innate Abilities, Weirdness & Mutations

You reflexively headbutt those who attack you in melee.
You have a pair of horns on your head.


Message History

You see here an adder corpse.
The dart slug launches a dart at you. The slug dart hits you!
The adder bites you.
The electric eel shoots out a bolt of lightning at you!
The bolt of electricity hits you!
* * * LOW HITPOINT WARNING * * *
The electric eel shoots out a bolt of lightning at you!
The bolt of electricity hits you!
* * * LOW HITPOINT WARNING * * *
The electric eel shoots out a bolt of lightning at you!
The bolt of electricity misses you. The adder bites you but does no damage.
There is a stone staircase leading up here.
The dart slug launches a dart at you. The slug dart hits you!
* * * LOW HITPOINT WARNING * * *
The adder bites you.
* * * LOW HITPOINT WARNING * * *
The electric eel shoots out a bolt of lightning at you!
The bolt of electricity hits you!
You die...

..# ≈.≈≈##..#
##.w ≈w≈≈≈...#
##≈≈≈##≈≈≈w≈≈..
#≈≈≈≈≈..≈≈≈≈≈##
.≈≈≈≈≈.?8≈≈≈≈≈.
w≈≈≈≈≈..≈≈≈≈≈≈≈
≈≈≈#≈≈#†≈#≈≈#≈≈
≈≈≈≈≈≈.S.;≈≈≈≈≈
≈≈≈≈≈≈.@.≈≈≈≈≈≈
≈≈≈≈#≈?!8;≈w≈#≈
≈≈≈≈≈≈≈.≈≈≈≈≈#
≈≈≈≈≈≈≈w≈≈≈≈≈≈#
.≈≈≈≈.≈.w≈≈≈≈≈.
.≈≈#≈≈...≈≈≈≈≈#
..≈≈≈≈≈≈≈≈≈w≈..
....≈#≈≈#≈≈...#


You could see 2 electric eels, an adder and 7 dart slugs.

Vanquished Creatures
  Eustachio (D:4)
  Edmund (D:4)
  A water moccasin (D:5)
  A phantom (D:5)
  A gnoll shaman (D:5)
  A bullfrog skeleton (D:3)
  3 hounds
  2 orc priests (D:4)
  5 orc wizards
  An iguana (D:4)
  4 worker ants (D:4)
  7 gnolls (D:5)
  7 adders
  A shadow imp (D:5)
  An adder skeleton (D:4)
  4 worms
  3 dart slugs
  18 orcs
  8 bats
  3 bat zombies (D:2)
  6 giant cockroaches
  5 goblins
  7 hobgoblins
  10 jackals
  7 kobolds
  2 quokkas
  A ball python (D:1)
  3 frilled lizards
  9 rats
  4 rat zombies (D:2)
127 creatures vanquished.

Notes
Turn   | Place    | Note
-------+----------+-------------------------------------------
     0 | D:1      | nikopol the Minotaur Berserker began the quest for the Orb.
     0 | D:1      | Reached XP level 1. HP: 19/19 MP: 0/0
   341 | D:1      | Reached XP level 2. HP: 20/27 MP: 1/1
  1075 | D:2      | Found a shattered altar of Ashenzari.
  1077 | D:2      | Found an ornate altar of the Wu Jian Council.
  1079 | D:2      | Reached ** piety under Trog
  1079 | D:2      | Reached XP level 3. HP: 21/33 MP: 2/2
  1642 | D:2      | Reached XP level 4. HP: 41/41 MP: 3/3
  1650 | D:2      | Found an ancient bone altar of Kikubaaqudgha.
  2304 | D:3      | Reached *** piety under Trog
  2483 | D:3      | Reached XP level 5. HP: 47/47 MP: 4/4
  3187 | D:4      | Reached skill level 5 in Fighting
  3219 | D:4      | Noticed Edmund
  3420 | D:4      | Found a staircase to the Ecumenical Temple.
  3454 | D:4      | Killed Edmund
  3454 | D:4      | Reached skill level 5 in Axes
  3454 | D:4      | Reached XP level 6. HP: 56/56 MP: 5/5
  3920 | D:4      | Noticed Eustachio
  3932 | D:4      | Reached XP level 7. HP: 27/61 MP: 6/6
  4024 | D:3      | Reached skill level 5 in Armour
  4276 | D:4      | Killed Eustachio
  4544 | D:4      | Reached skill level 5 in Dodging
  4753 | D:5      | Entered Level 5 of the Dungeon
  4768 | D:5      | Found Nuurchor's Magic Scroll Emporium.
  4770 | D:5      | Found Nebigh's Distillery.
  4780 | D:5      | Bought a potion of heal wounds for 60 gold pieces
  4780 | D:5      | Bought a potion of curing for 36 gold pieces
  4899 | D:5      | Reached **** piety under Trog
  5039 | D:5      | Found a glowing silver altar of Zin.
  5039 | D:5      | Found an opulent altar of Gozag.
  5098 | D:5      | Found Veno's Serpentskin Sales.
  5109 | D:5      | Reached XP level 8. HP: 52/71 MP: 7/7
  5112 | D:5      | Bought a +1 war axe of venom for 134 gold pieces
  5948 | D:6      | Killed from afar by an electric eel

Vault maps used:
D:1:      grunt_arrival_lava_bath, minivault_19, st_stairs_5
D:2:      chequers_temple_overflow_statue_of_worship,
          lemuel_zombie_altar_kikubaaqudgha
D:3:      first_bread
D:4:      minmay_temple_entry_poolview, kennysheep_potato, uniq_eustachio,
          uniq_edmund
D:5:      grunt_temple_overflow_gold_and_silver, serial_shops,
          nicolae_shop_stone, shop, guppyfry_shop_venom
D:6:      kennysheep_slugbush, serial_undead, serial_undead_d, serial_undead_d,
          serial_undead_e, serial_undead_f, kennysheep_generic_room_11,
          uniq_sigmund

Skill      XL: |  1  2  3  4  5  6  7 |
---------------+----------------------+-----
Armour         | 3 4 6 |  6.4
Fighting       | 4 5 6 |  6.8
Dodging        | 3 4 5 |  5.7
Axes           | 4 5 6 |  6.8

Action                   |  1- 3 |  4- 6 |  7- 9 || total
-------------------------+-------+-------+-------++-------
Melee: Hand axe          |    96 |   139 |   109 ||   344
       Headbutt          |    13 |    30 |    25 ||    68
       War axe           |       |       |    21 ||    21
Invok: Berserk           |       |     3 |       ||     3
  Eat: Chunk             |     2 |     9 |     6 ||    17
       Fruit             |       |     2 |       ||     2
Armor: Animal skin       |    21 |     4 |       ||    25
       Leather armour    |       |    32 |    22 ||    54
       Scale mail        |       |       |    47 ||    47
Dodge: Dodged            |    67 |    76 |    99 ||   242
